 Dungeon Crawl Stone Soup version 0.18.1-48-g4cf74bf (webtiles) character file.

52 Gargoyl the Skirmisher (level 3, 0/29 HPs)
             Began as a Demonspawn Abyssal Knight on Aug 20, 2016.
             Was a Follower of Lugonu.
             Slain by a worm (5 damage)
             ... on level 2 of the Dungeon.
             The game lasted 00:02:46 (1409 turns).

Gargoyl the Skirmisher (Demonspawn Abyssal Knight)  Turns: 1409, Time: 00:02:46

Health: 0/29       AC:  6    Str: 13    XL:     3   Next: 60%
Magic:  5/5        EV: 11    Int: 18    God:    Lugonu [*.....]
Gold:   30         SH:  0    Dex: 12    Spells: 0 memorised, 2 levels left

rFire  . . .     SeeInvis .     a - +1 hand axe
rCold  . . .     Gourm    .     b - +0 leather armour
rNeg   . . .     Faith    .     (no shield)
rPois  .         Spirit   .     (no helmet)
rElec  .         Dismiss  .     (no cloak)
rCorr  .         Reflect  .     d - +2 pair of gloves
SustAt .         Harm     .     (no boots)
MR     .....                    (no amulet)
Stlth  +.........               (no ring)
                                k - +5 ring of intelligence

@: lethally poisoned (0 -> -6), not resistant to hostile enchantments, very
unstealthy
A: hooves 2
a: Depart the Abyss, Renounce Religion


You were on level 2 of the Dungeon.
You worshipped Lugonu.
Lugonu was aware of your devotion.
You were not hungry.

You visited 1 branch of the dungeon, and saw 2 of its levels.
You visited the Abyss 1 time.

You collected 30 gold pieces.

Inventory:

Hand Weapons
 a - a +1 hand axe (weapon)
Missiles
 e - 6 curare-tipped needles
 i - 15 poisoned needles
Armour
 b - a +0 leather armour (worn)
 d - a +2 pair of gloves (worn)
Jewellery
 k - a +5 ring of intelligence (left hand)
Scrolls
 f - a scroll of blinking {unknown}
 g - a scroll of fog {unknown}
 n - 2 scrolls of remove curse {unknown}
 p - a scroll of magic mapping {unknown}
Potions
 h - a potion of curing {unknown}
 j - a potion of ambrosia {unknown}
 l - a potion of heal wounds
 m - 2 potions of agility {unknown}
Comestibles
 c - a bread ration


   Skills:
 + Level 3.6 Fighting
 + Level 2.4 Axes
 + Level 1.8 Armour
 + Level 1.6 Dodging
 + Level 0.2 Stealth
 + Level 2.7 Invocations


You had 2 spell levels left.
You didn't know any spells.

Dungeon Overview and Level Annotations

Branches:
Dungeon (2/15)

Altars:


Innate Abilities, Weirdness & Mutations

You have hoof-like feet.


Message History

You closely miss the adder. Your kick misses the adder.
The adder is severely wounded.
You hit the worm.
The worm is heavily wounded.
You feel sick. The adder misses you. The worm bites you but does no damage.
Unknown command.
You barely miss the adder.
The adder is severely wounded.
You hit the worm.
The worm is heavily wounded.
You feel sick. The adder bites you but does no damage. The worm bites you.
* * * LOW HITPOINT WARNING * * *
The adder closely misses you.
You barely miss the adder. You kick the adder, but do no damage.
The adder is severely wounded.
You hit the worm but do no damage.
The worm is heavily wounded.
* * * LOW HITPOINT WARNING * * *
You feel sick. The adder closely misses you. The worm bites you.
You die...

.... ..##......####...
......##......########.#
...........###......##.#
......##..###........#.#
......#...##...........#
.......................#
.......................#
.......w....[........^.#
...#..@...............#
......S.....#.....)..#.#
.................)......
......................#.
..........####..#.....#.
.........## ##.##....#
.........# #..#....#
.....##..# ...#...##
..##..##


You could see a worm and an adder.

Vanquished Creatures
  An adder (D:2)
  A worm (D:2)
  A dart slug (D:1)
  A giant gecko (D:1)
  2 ball pythons (D:1)
  3 bats (D:1)
  2 giant cockroaches (D:1)
  5 hobgoblins
  3 jackals (D:1)
  A giant newt (D:1)
  4 goblins
  6 kobolds
  3 rats (D:1)
33 creatures vanquished.

Notes
Turn   | Place    | Note
--------------------------------------------------------------
     0 | Abyss:1  | Gargoyl the Demonspawn Abyssal Knight began the quest for the Orb.
     0 | Abyss:1  | Reached XP level 1. HP: 18/18 MP: 2/2
    54 | Abyss:1  | Found a corrupted altar of Lugonu.
    89 | Abyss:1  | Found a corrupted altar of Lugonu.
   103 | Abyss:1  | Noticed a wretched star
   104 | D:1      | Escaped the Abyss
   169 | D:1      | Reached * piety under Lugonu
   356 | D:1      | Gained mutation: You have large cloven feet. [demonic ancestry]
   356 | D:1      | Reached XP level 2. HP: 23/24 MP: 4/4
   457 | D:1      | Reached skill level 1 in Dodging
   968 | D:1      | Gained mutation: You have hoof-like feet. [demonic ancestry]
   968 | D:1      | Reached XP level 3. HP: 28/29 MP: 5/5
  1409 | D:2      | Slain by a worm

Skill      XL: |  1  2 |
---------------+-------+-----
Axes           | 2 |  2.4
Dodging        | 1 |  1.6
Fighting       | |  3.6
Armour         | |  1.8
Stealth        | |  0.2
Invocations    | |  2.7

Action                   || total
-------------------------++-------
Melee: Hand axe          ||   101
       Kick              ||    17
Invok: Depart the Abyss  ||     1
  Use: Potion            ||     1
  Eat: Chunk             ||     2
Armor: Leather armour    ||    44
Dodge: Dodged            ||    78
